 Dungeon Crawl Stone Soup version 0.26.0-10-g1f06aea511 (webtiles) character file.

Game seed: 9766762421889449569

72 BOMJPIETVODKU the Skirmisher (level 4, 0/40 HPs)
             Began as a Hill Orc Fighter on Jan 14, 2021.
             Succumbed to Sigmund's poison
             ... on level 3 of the Dungeon.
             The game lasted 00:08:26 (2049 turns).

BOMJPIETVODKU the Skirmisher (Hill Orc Fighter)     Turns: 2049, Time: 00:08:27

Health: 0/40       AC:  7    Str: 19    XL:     4   Next: 25%
Magic:  4/4        EV:  7    Int: 14    God:
Gold:   130        SH:  0    Dex: 10    Spells: 3/3 levels left

rFire    . . .     SeeInvis .   a - +0 long sword
rCold    . . .     Faith    .   c - +0 kite shield
rNeg     . . .     Spirit   .   b - +0 scale mail
rPois    .         Reflect  .   (no helmet)
rElec    .         Harm     .   (no cloak)
rCorr    .         Rampage  .   (no gloves)
Will     .....                  (no boots)
Stlth    ..........             (no amulet)
HPRegen  0.13/turn              h - +6 ring of intelligence
MPRegen  0.09/turn              (no ring)

@: confused, mighty, lethally poisoned (0 -> -33)
A: no striking features
a: no special abilities


You were on level 3 of the Dungeon.
You visited 1 branch of the dungeon, and saw 3 of its levels.

You collected 130 gold pieces.

Inventory:

Hand Weapons
 a - a +0 long sword (weapon)
Missiles
 e - 98 stones (quivered)
Armour
 b - a +0 scale mail (worn)
 c - a +0 kite shield (worn)
Jewellery
 h - a +6 ring of intelligence (left hand)
Scrolls
 f - 3 scrolls of identify
 g - 2 scrolls of fog
 j - a scroll of teleportation
 k - a scroll of random uselessness


   Skills:
 + Level 3.8 Fighting
 * Level 3.5 Long Blades
 * Level 1.0 Throwing
 + Level 3.7 Armour
 + Level 0.3 Dodging
 + Level 3.6 Shields


You had 3 spell levels left.
You didn't know any spells.
Your spell library was empty.

Dungeon Overview and Level Annotations

Branches:
Dungeon (3/15)

Altars:
Hepliaklqana
Ru
Yredelemnul

Annotations:
D:3 Sigmund


Message History

You hear some strange, mumbled words.
A puff of flame appears from out of thin air!
The puff of flame misses you.
It was a potion of cancellation.
You feel magically purged.
You feel sick.
You hear some strange, mumbled words.
A puff of flame appears from out of thin air!
The puff of flame hits you.
* * * LOW HITPOINT WARNING * * *
Unknown command.
You feel very mighty all of a sudden.
* * * LOW HITPOINT WARNING * * *
You feel very sick.
You hear some strange, mumbled words.
You are confused.
* * * LOW HITPOINT WARNING * * *
You feel sick. Something hits you.
* * * LOW HITPOINT WARNING * * *
You are more poisoned.
You see here 2 gold pieces.
You die...

##...# #...>
#...# #...# #...#
#...#
#######...#####.
.#......$........
.........@....(..
#........{......
#######...#####.
#...# #.#.#
.###.# # #.. ##.


There were no monsters in sight!

Vanquished Creatures
  Jessica (D:1)
  An adder (D:1)
  2 worms (D:2)
  A dart slug (D:2)
  2 leopard geckos (D:1)
  2 giant cockroaches (D:2)
  2 goblins
  2 hobgoblins
  3 jackals (D:1)
  A bat (D:2)
  2 frilled lizards
  5 kobolds
  7 rats
31 creatures vanquished.

Notes
Turn   | Place    | Note
-------+----------+-------------------------------------------
     0 | D:1      | BOMJPIETVODKU the Hill Orc Fighter began the quest for the
                  | Orb.
     0 | D:1      | Reached XP level 1. HP: 19/19 MP: 1/1
   314 | D:1      | Reached XP level 2. HP: 15/27 MP: 2/2
   929 | D:2      | Noticed Jessica
  1146 | D:1      | Reached XP level 3. HP: 21/33 MP: 3/3
  1267 | D:1      | Killed Jessica
  1268 | D:1      | Reached skill level 1 in Throwing
  1471 | D:2      | Reached XP level 4. HP: 40/40 MP: 4/4
  1539 | D:2      | Found a basalt altar of Yredelemnul.
  1879 | D:2      | Found a sacrificial altar of Ru.
  1879 | D:2      | Found a hazy altar of Hepliaklqana.
  2034 | D:3      | Noticed Sigmund
  2048 | D:3      | HP: 2/40 [something (1)]
  2049 | D:3      | Succumbed to Sigmund's poison

Illustrated notes

Levels and vault maps discovered:
D:1:      amcnicky_arrival_gap_in_the_tavern_cellar, layout_basic,
          patterned_corridor
D:2:      layout_rooms, nicolae_overflow_crystal_walls,
          gammafunk_temple_overflow_elements, uniq_jessica
D:3:      layout_loops_cross, portal_sewer_entry_e, uniq_terence, uniq_sigmund

Skill      XL: |  1  2  3 |
---------------+----------+-----
Long Blades    | 3 |  3.5
Throwing       | 1 |  1.0
Fighting       | |  3.8
Armour         | |  3.7
Dodging        | |  0.3
Shields        | |  3.6

Action                   |  1- 3 |  4- 6 || total
-------------------------+-------+-------++-------
Melee: Long sword        |    73 |    33 ||   106
Throw: Stone             |    12 |       ||    12
  Use: Scroll            |       |     3 ||     3
       Potion            |       |     2 ||     2
Armor: Scale mail        |    43 |    10 ||    53
Dodge: Dodged            |    27 |    10 ||    37
Block: Kite shield       |    46 |    13 ||    59
       Rpst.: Long sword |     7 |     2 ||     9
